 Dungeon Crawl Stone Soup version 0.28.0-49-g6dfe1f597d (webtiles) character file.

Game seed: 15134484779849080977

145 Zeld the Bolt Thrower (level 5, -4/32 HPs)
             Began as a Kobold Hunter on May 18, 2022.
             Was an Initiate of Dithmenos.
             Slain by Pargi (8 damage)
             ... in a sewer.
             The game lasted 00:04:10 (3284 turns).

Zeld the Bolt Thrower (Kobold Hunter)               Turns: 3284, Time: 00:04:11

Health: -4/32      AC:  3    Str: 13    XL:     5   Next: 53%
Magic:  5/5        EV: 14    Int: 13    God:    Dithmenos [......]
Gold:   142        SH:  0    Dex: 17    Spells: 4/4 levels left

rFire   . . .      SeeInvis +   b - +10 hand axe of the Spectre {flame, Str+4}
rCold   . . .      Faith    .   (no shield)
rNeg    . . .      Spirit   .   c - +0 leather armour
rPois   .          Reflect  .   (no helmet)
rElec   .          Harm     .   (no cloak)
rCorr   .          Rampage  .   (no gloves)
Will    .....                   (no boots)
Stlth   ++........              (no amulet)
HPRegen 0.10/turn               m - ring of see invisible
MPRegen 0.09/turn               (no ring)

@: very slow
A: small, no large weapons, nightstalker 3
a: Renounce Religion


You were in a sewer.
You worshipped Dithmenos.
Dithmenos was noncommittal.
You visited 1 branch of the dungeon, and saw 3 of its levels.
You also visited: Sewer.

You collected 142 gold pieces.

Inventory:

Hand Weapons
 a - a +1 hand crossbow
 b - the +10 hand axe of the Spectre (weapon) {flame, Str+4}
   (You found it on level 2 of the Dungeon)

   It burns those it strikes, dealing additional fire damage.
   Big, fiery blades are also staple armaments of hydra-hunters.
   Str:       It affects your strength (+4).
 o - a +0 short sword
Missiles
 d - 70 bolts
Armour
 c - a +0 leather armour (worn)
Jewellery
 m - a ring of see invisible (left hand)
Scrolls
 e - a scroll of magic mapping {unknown}
 g - a scroll of immolation {unknown}
 j - 4 scrolls of identify {unknown}
 k - 2 scrolls of vulnerability {unknown}
 l - a scroll of summoning {unknown}
 n - a scroll of enchant armour {unknown}
 p - a scroll of holy word {unknown}
 t - a scroll of teleportation {unknown}
 u - a scroll of acquirement {unknown}
Potions
 f - 3 potions of curing {unknown}
 h - a potion of heal wounds {unknown}
 i - a potion of invisibility {unknown}
 q - a potion of attraction {unknown}
 r - a potion of lignification {unknown}
 s - a potion of berserk rage {unknown}


   Skills:
 + Level 3.0 Fighting
 * Level 3.4 Short Blades
 * Level 6.0 Crossbows
 - Level 2.4 Dodging
 + Level 2.9 Stealth


You had 4 spell levels left.
You didn't know any spells.
Your spell library was empty.

Dungeon Overview and Level Annotations

Branches:
Dungeon (3/15)              Sewer (1/1)

Altars:
Dithmenos
Fedhas
Makhleb
Qazlal
Wu Jian

Annotations:
Sewer Pargi


Innate Abilities, Weirdness & Mutations

You are small and have problems with some larger weapons.
You are completely attuned to the shadows.


Message History

Pargi claws you but does no damage. Pargi bites you. Pargi claws you. x2
You completely miss Pargi.
Pargi is heavily wounded.
Pargi bites you! Pargi claws you. Pargi claws you but does no damage.
You are too injured to fight recklessly!
You are too injured to fight recklessly!
You are too injured to fight recklessly!
You are too injured to fight recklessly!
You enter the shallow water.
Moving in this stuff is going to be slow.
Pargi clenches his claws.
Pargi misses you. Pargi claws you. x2
Pargi completely misses you. Pargi barely misses you. Pargi claws you.
Why would you want to do that? Why would you want to do that?
Why would you want to do that? Why would you want to do that?
You enter the shallow water.
Moving in this stuff is going to be slow.
Pargi bites you. Pargi closely misses you. Pargi claws you.
* * * LOW HITPOINT WARNING * * *
You enter the shallow water.
Moving in this stuff is going to be slow.
Pargi bites you.
* * * LOW HITPOINT WARNING * * *
Pargi claws you.
* * * LOW HITPOINT WARNING * * *
Pargi claws you.
* * * LOW HITPOINT WARNING * * *
Press: ? - help, v - describe, . - travel Some shallow water.
You enter the shallow water.
Moving in this stuff is going to be slow.
Pargi barely misses you. Pargi claws you.
* * * LOW HITPOINT WARNING * * *
Pargi claws you but does no damage.
You enter the shallow water.
Moving in this stuff is going to be slow.
Pargi bites you!
You die...

≈≈≈≈≈≈≈≈≈≈≈≈
≈≈≈≈≈≈≈≈≈≈≈≈≈≈
≈≈≈≈≈≈≈≈≈≈≈≈≈≈≈≈≈
≈≈≈≈≈≈≈≈≈≈≈≈≈≈≈≈≈≈
≈≈≈≈≈≈≈≈≈≈≈≈.≈.≈≈≈≈≈≈≈≈
≈≈≈≈≈≈≈≈≈≈≈≈.###≈≈≈≈≈≈≈≈≈
≈≈≈≈≈≈≈≈≈@≈.##
##≈≈≈≈≈≈≈≈≈
≈≈≈≈≈≈≈≈≈T#### #.≈≈≈≈≈≈≈≈
≈≈≈≈≈≈≈≈≈≈## #.≈≈≈≈≈≈≈≈
≈≈≈≈≈≈≈..## ###.≈≈≈≈≈≈
≈≈≈≈≈≈≈.## ##≈≈≈≈≈≈
≈≈≈≈≈≈### #.#≈≈≈≈ ≈≈≈≈≈##
####≈≈≈ ≈≈≈≈.## ###.≈≈≈
≈≈≈≈≈.# #.∩≈≈≈≈


You could see Pargi.

Vanquished Creatures
  3 gnolls (D:2)
  3 adders
  2 worms
  3 dart slugs
  2 orcs (D:3)
  7 endoplasms
  4 giant cockroaches
  8 goblins
  7 hobgoblins
  7 kobolds
  8 ball pythons
  6 bats
  10 frilled lizards
  5 rats
75 creatures vanquished.

Vanquished Creatures (others)
  A plant (D:1)
1 creature vanquished.

Grand Total: 76 creatures vanquished

Notes
Turn   | Place    | Note
-------+----------+-------------------------------------------
     0 | D:1      | Zeld the Kobold Hunter began the quest for the Orb.
     0 | D:1      | Reached XP level 1. HP: 12/12 MP: 1/1
   139 | D:1      | Reached skill level 1 in Short Blades
   196 | D:1      | Found a faded altar of an unknown god.
   361 | D:1      | Reached skill level 5 in Crossbows
   361 | D:1      | Reached XP level 2. HP: 17/17 MP: 2/2
   782 | D:1      | Reached XP level 3. HP: 18/22 MP: 3/3
  1576 | D:2      | Reached XP level 4. HP: 27/27 MP: 4/4
  2006 | D:2      | Reached XP level 5. HP: 32/32 MP: 5/5
  2089 | D:2      | Identified the +10 hand axe of the Spectre {flame, Str+4}
  3008 | D:3      | Found a stormy altar of Qazlal.
  3009 | D:3      | Found an ornate altar of the Wu Jian Council.
  3011 | D:3      | Found a shadowy altar of Dithmenos.
  3011 | D:3      | Found a blossoming altar of Fedhas.
  3012 | D:3      | Found a burning altar of Makhleb.
  3020 | D:3      | Became a worshipper of Dithmenos the Shadowed
  3122 | D:3      | Found a glowing drain.
  3130 | D:3      | Reached skill level 6 in Crossbows
  3180 | Sewer    | Entered a sewer
  3262 | Sewer    | Noticed Pargi
  3284 | Sewer    | Slain by Pargi

Illustrated notes

Levels and vault maps discovered:
D:1:      amcnicky_arrival_gap_in_the_tavern_cellar, layout_loops_corners,
          dreamdust_ecumenical_altar_hidden_monk_grotto, chequers_big_river,
          minivault_26
D:2:      minmay_thinvault, layout_loops_ring, minmay_goblin_kobold_house
D:3:      layout_basic, nicolae_overflow_crystal_walls,
          grunt_temple_overflow_open, portal_sewer_entry_c, st_stairs_10
Sewer:    sewer_co_pargi_island

Skill      XL: |  1  2  3  4  5 |
---------------+----------------+-----
Short Blades   | 1 2 3 |  3.4
Crossbows      | 5 6 |  6.0
Stealth        | 2 |  2.9
Fighting       | 3 |  3.0
Dodging        | |  2.4

Action                   |  1- 3 |  4- 6 || total
-------------------------+-------+-------++-------
Melee: Short sword       |       |     7 ||     7
       Hand axe          |       |    24 ||    24
       Punch             |       |     1 ||     1
 Fire: Hand crossbow     |    48 |    60 ||   108
 Stab: Sleeping          |       |     2 ||     2
Armor: Leather armour    |     1 |     7 ||     8
Dodge: Dodged            |     3 |    47 ||    50
